 Dungeon Crawl Stone Soup version 0.31-a0-523-g071a6c1ffa (webtiles) character file.

Game seed: 14693835622124321582

317 Shayle the Changeling (level 6, -4/62 HPs)
             Began as an Ogre Shapeshifter on Aug 11, 2023.
             Slain by a kobold brigand
             ... wielding a +0 club
              (5 damage)
             ... in a sewer.
             The game lasted 00:06:26 (3324 turns).

Shayle the Changeling (Ogre Shapeshifter)           Turns: 3324, Time: 00:06:26

Health: -4/62      AC:  3    Str: 20    XL:     6   Next: 44%
Magic:  10/10      EV: 10    Int: 11    God:
Gold:   112        SH:  0    Dex:  9    Spells: 9/10 levels left

rFire   . . .        b - +2 hand axe (freeze)
rCold   . . .        (no shield)
rNeg    . . .        a - +0 animal skin
rPois   .            (helmet currently unavailable)
rElec   .            (cloak currently unavailable)
rCorr   .            (gloves unavailable)
SInv    .            (boots unavailable)
Will    .....        (no amulet)
Stlth   +            (no ring)
HPRegen 0.30/turn    (no ring)
MPRegen 0.12/turn

%: no passive effects
@: brilliant, beast-form, invisible
A: beast (slay +2), large, unfitting armour, tough skin 1
a: Begin Untransformation


You were in a sewer.
You were a hulking beast.
You visited 1 branch of the dungeon, and saw 4 of its levels.
You also visited: Sewer.

You collected 112 gold pieces.

Inventory:

Hand Weapons
 b - a +2 hand axe of freezing (weapon)
 r - a +1 falchion of holy wrath
Missiles
 h - 2 curare-tipped darts (quivered)
Armour
 a - a +0 animal skin (worn)
Jewellery
 g - a ring of ice
Talismans
 c - a beast talisman (active)
 d - a flux talisman
 q - a blade talisman
Scrolls
 e - a scroll of brand weapon {unknown}
 f - a scroll of vulnerability {unknown}
 j - a scroll of fog {unknown}
 k - a scroll of fear {unknown}
 l - a scroll of amnesia {unknown}
 m - 2 scrolls of identify {unknown}
 n - a scroll of immolation {unknown}
 p - a scroll of teleportation {unknown}
 t - a scroll of revelation {unknown}
Potions
 i - 2 potions of haste
 o - 2 potions of invisibility
 s - a potion of brilliance


   Skills:
 + Level 3.7 Fighting
 + Level 3.0 Dodging
 - Level 2.9 Unarmed Combat
 + Level 2.6 Spellcasting
 + Level 2.0 Necromancy
 + Level 3.8 Shapeshifting


You had 9 spell levels left.
You knew the following spells:

 Your Spells              Type           Power      Damage    Failure   Level
a - Necrotise             Necr           32%        1d5       12%         1

Your spell library contained the following spells:

 Spells                   Type           Power      Damage    Failure   Level
 Apportation              Tloc           4%         N/A       28%         1
 Foxfire                  Conj/Fire      8%         2x1d4     28%         1
 Summon Small Mammal      Summ           8%         N/A       28%         1
 Ensorcelled Hibernation  Hex/Ice        4%         N/A       38%         2
 Passwall                 Tmut/Erth      1%         N/A       38%         2
 Swiftness                Air            2%         N/A       63%         3
 Plasma Beam              Fire/Air       1%         2x1d11    100%        6
 Starburst                Conj/Fire      1%         6d3       100%        6


Dungeon Overview and Level Annotations

Branches:
Dungeon (4/15)              Sewer (1/1)
 Temple: D:4-7

Altars:


Innate Abilities, Weirdness & Mutations

You are a hulking beast.
Your limbs bulge with bestial killing power. (Slay +2)
You are too large for most types of armour.
You have tough skin. (AC +1)


Message History

The kobold brigand barely misses you.
Unknown command.
You barely miss the kobold brigand.
The kobold brigand is heavily wounded.
You hit the kobold. You freeze the kobold.
You kill the kobold!
You hit the kobold brigand. You freeze the kobold brigand.
The kobold brigand misses you.
The kobold brigand hits you with a +0 club.
The kobold brigand hits you with a +0 dagger.
You hit the kobold brigand but do no damage.
The kobold brigand is heavily wounded.
You hit the kobold brigand. You freeze the kobold brigand.
The kobold brigand barely misses you. The kobold brigand closely misses you.
Unknown command.
You hit the kobold brigand but do no damage.
The kobold brigand is heavily wounded.
You hit the kobold brigand but do no damage.
The kobold brigand hits you with a +0 club!
* * * LOW HITPOINT WARNING * * *
The kobold brigand hits you but does no damage.
The kobold brigand barely misses you.
You hit the kobold brigand. You freeze the kobold brigand.
The kobold brigand is severely wounded.
You hit the kobold brigand. You freeze the kobold brigand.
The kobold brigand hits you with a +0 dagger.
* * * LOW HITPOINT WARNING * * *
The kobold brigand hits you with a +0 club!
* * * LOW HITPOINT WARNING * * *
It was a potion of invisibility.
You fade into invisibility!
The kobold brigand hits you with a +0 dagger.
* * * LOW HITPOINT WARNING * * *
The kobold brigand closely misses you.
It was a potion of brilliance.
You feel clever all of a sudden.
The kobold brigand hits you with a +0 dagger.
* * * LOW HITPOINT WARNING * * *
The kobold brigand hits you with a +0 club.
You die...

....~~~~~≈~#~~...###
....~~~#~≈~#~~..##
...PP~~#~≈~#....##
......~#~~~#.....#
......P#~≈~#P....#
.......#~≈~#~~~P.#
#...~.~#~≈~#~~...#
#...~~~#~≈~#P~~)K#
###..~~#~≈~~~~~Kh#
##''##~~~##''###
#.)..#~≈~#...
#....## #.?. #..∩.#
#.∩! #....# #..[
###### ####


You could see 2 kobold brigands.

Vanquished Creatures
  2 kobold brigands (Sewer)
  2 hounds (D:4)
  3 adders (D:3)
  A worm (D:2)
  3 dart slugs
  8 orcs
  5 endoplasms
  A giant cockroach (D:3)
  3 goblins
  4 hobgoblins
  2 jackals (D:4)
  A quokka (D:2)
  11 ball pythons
  8 bats
  6 frilled lizards
  15 kobolds
  8 rats
83 creatures vanquished.

Notes
Turn   | Place    | Note
-------+----------+-------------------------------------------
     0 | D:1      | Shayle the Ogre Shapeshifter began the quest for the Orb.
     0 | D:1      | Reached XP level 1. HP: 19/19 MP: 1/1
   410 | D:1      | Reached XP level 2. HP: 26/28 MP: 2/2
   536 | D:1      | Learned a level 1 spell: Necrotise
  1019 | D:2      | Reached XP level 3. HP: 35/35 MP: 3/3
  1461 | D:3      | Reached skill level 1 in Spellcasting
  1582 | D:3      | Reached XP level 4. HP: 42/44 MP: 5/5
  1858 | D:3      | Reached skill level 1 in Necromancy
  1986 | D:3      | Found a faded altar of an unknown god.
  2540 | D:4      | Reached XP level 5. HP: 52/52 MP: 7/7
  2594 | D:4      | Found a glowing drain.
  2618 | Sewer    | Entered a sewer
  2778 | Sewer    | Noticed a kobold brigand
  2778 | Sewer    | Noticed a kobold brigand
  2789 | Sewer    | HP: 1/53 [kobold/+0 club (3)]
  2792 | Sewer    | Killed a kobold brigand
  2792 | Sewer    | Killed a kobold brigand
  2793 | Sewer    | Reached XP level 6. HP: 3/62 MP: 9/9
  3322 | Sewer    | HP: 3/62 [kobold brigand/+0 club (7)]
  3324 | Sewer    | HP: 1/62 [kobold brigand/+0 dagger (2)]
  3324 | Sewer    | Slain by a kobold brigand

Illustrated notes

Levels and vault maps discovered:
D:1:      lightli_arrival_noodles, layout_basic
D:2:      layout_rooms
D:3:      layout_loops_corners, shapermc_ecumenical_altar_mp_urbaneastern,
          dk_noncrumbling_2
D:4:      layout_cave_pools, trog_wizard, cheibrodos_sewer_entry_drain,
          kennysheep_generic_room_8, uniq_duvessa
Sewer:    kennysheep_pipe_town

Skill      XL: |  1  2  3  4  5 |
---------------+----------------+-----
Dodging        | 2 3 |  3.0
Fighting       | 2 3 |  3.7
Spellcasting   | 1 2 |  2.6
Necromancy     | 1 2 |  2.0
Unarmed Combat | |  2.9
Shapeshifting  | |  3.8

Action                     |  1- 3 |  4- 6 || total
---------------------------+-------+-------++-------
  Melee: Unarmed           |    83 |    94 ||   177
         Punch             |     2 |     3 ||     5
         Hand axe          |       |    48 ||    48
    Use: Potion            |       |     6 ||     6
         Scroll            |       |     1 ||     1
 Armour: Animal skin       |    19 |    32 ||    51
         Skin              |       |     9 ||     9
  Dodge: Dodged            |    54 |    83 ||   137

Table legend: (Time is in decaauts)
 A = Elapsed time spent in this place.
 B = Non-inter-level travel time spent in this place.
 C = Inter-level travel time spent in this place.
 D = Time resting spent in this place.
 E = Time spent auto-exploring this place.
 F = Levels seen in this place.
 G = Mean time per level.
                   A        B        C        D        E       F      G
               +--------+--------+--------+--------+--------+-----+--------+
         Total |   3327 |   3237 |     90 |    527 |   1959 |   5 |  665.4 |
       Dungeon |   2608 |   2518 |     90 |    153 |   1839 |   4 |  652.0 |
         Sewer |    718 |    718 |      0 |    374 |    120 |   1 |  718.0 |
               +--------+--------+--------+--------+--------+-----+--------+

Top non-repeatable levels by time:
     D:3: 1114 daAuts
     D:1: 870 daAuts
   Sewer: 718 daAuts
     D:2: 495 daAuts
     D:4: 126 daAuts
